 Dungeon Crawl Stone Soup version 0.31-a0-233-g139696dc86 (webtiles) character file.

Game seed: 18064600409909062710

272 qw the Shooter (level 6, -4/51 HPs)
             Began as a Minotaur Hexslinger on July 8, 2023.
             Slain by an orc
             ... wielding a +0 trident
              (7 damage)
             ... on level 4 of the Dungeon.
             The game lasted 00:01:21 (2860 turns).

qw the Shooter (Minotaur Hexslinger)                Turns: 2860, Time: 00:01:22

Health: -4/51      AC:  5    Str: 13    XL:     6   Next: 2%
Magic:  6/6        EV: 12    Int: 10    God:
Gold:   168        SH:  0    Dex: 14    Spells: 6/7 levels left

rFire   . . .        Y - +1 sling
rCold   . . .        (no shield)
rNeg    . . .        a - +0 leather armour
rPois   .            (helmet restricted)
rElec   .            g - +1 cloak
rCorr   .            (no gloves)
SInv    .            (no boots)
Will    .....        (no amulet)
Stlth   +            (no ring)
HPRegen 0.28/turn    (no ring)
MPRegen 0.10/turn

%: no passive effects
@: no status effects
A: horns 2, retaliatory headbutt
a: no special abilities


You were on level 4 of the Dungeon.
You visited 1 branch of the dungeon, and saw 4 of its levels.

You collected 600 gold pieces.
You spent 432 gold pieces at shops.


Innate Abilities, Weirdness & Mutations

You have a pair of horns on your head.
You reflexively headbutt those who attack you in melee.


   Skills:
 + Level 3.1 Fighting
 - Level 6.1 Ranged Weapons
 - Level 1.5 Armour
 - Level 2.1 Dodging
 - Level 1.0 Spellcasting
 - Level 2.0 Hexes


You had 6 spell levels left.
You knew the following spells:

 Your Spells              Type           Power      Damage    Failure   Level
a - Slow                  Hex            16%        N/A       19%         1

Your spell library contained the following spells:

 Spells                   Type           Power      Damage    Failure   Level
 Inner Flame              Hex/Fire       2%         N/A       65%         3
 Portal Projectile        Hex/Tloc       4%         N/A       65%         3
 Cause Fear               Hex            2%         N/A       88%         4

Inventory:

Hand Weapons
 Y - a +1 sling (weapon)
Armour
 a - a +0 leather armour (worn)
 g - a +1 cloak (worn)
Jewellery
 c - a +6 ring of strength
 f - a ring of ice
Scrolls
 d - 3 scrolls of identify
 h - a scroll of silence {unknown}
 i - 2 scrolls of enchant armour {unknown}
Potions
 b - a potion of cancellation
 e - 2 potions of curing
 j - a potion of haste {unknown}

Dungeon Overview and Level Annotations

Branches:
Dungeon (4/15)
 Temple: D:4-7

Altars:

Shops:
D:4 =


Message History

An orc comes into view. It is wielding a +0 club.
Autopickup is now on.
You shoot a sling bullet. The sling bullet barely misses the orc.
The orc closely misses you.
You shoot a sling bullet. The sling bullet hits the orc.
The orc is almost dead.
Something hits you but does no damage.
Deactivating autopickup; reactivate with Ctrl-A.
The orc completely misses you. The orc misses you.
Autopickup is now on.
You shoot a sling bullet. The sling bullet barely misses the orc.
The sling bullet hits the orc.
The orc is severely wounded.
Something hits you.
Deactivating autopickup; reactivate with Ctrl-A.
The orc misses you.
The orc hits you from afar with a +0 trident.
The orc barely misses you. Something hits you.
The orc hits you with a +0 flail.
Autopickup is now on.
You shoot a sling bullet. The sling bullet hits the orc.
You kill the orc!
Something hits you but does no damage.
Deactivating autopickup; reactivate with Ctrl-A.
The orc closely misses you.
You shoot a sling bullet. The sling bullet hits the orc.
You kill the orc!
Something hits you but does no damage. The orc misses you.
You shoot a sling bullet.
The sling bullet closely misses the orc.
You hear some strange, mumbled words.
Something tries to affect you, but you resist.
The orc closely misses you.
You shoot a sling bullet. The sling bullet barely misses the orc.
Something hits you.
The orc hits you from afar with a +0 trident!
You shoot a sling bullet. The sling bullet hits the orc.
The orc is almost dead.
Something hits you.
The orc hits you from afar with a +0 trident!
You die...

{. .. .# oo # #o .# ## ##.
#.##..# ..####.o####......
... ...#...)@#....... ...
##.#...##{........ .... .
#..#..# #..##....# ##...
#.##.....#
#.###....#####....
........###..##..#.......>..
#................#..........
..#............#..#.......
#...#..........###......
#.###.........<#####...#


You could see an orc.

Vanquished Creatures
  2 orc priests (D:3)
  Terence (D:2)
  An orc wizard (D:4)
  Robin (D:2)
  3 adders
  2 worms
  6 dart slugs
  8 orcs
  10 ball pythons
  5 bats
  5 endoplasms
  5 giant cockroaches
  13 goblins
  10 hobgoblins
  6 jackals
  7 kobolds
  3 quokkas
  A frilled lizard (D:3)
  5 rats
94 creatures vanquished.

Vanquished Creatures (others)
  A bat (D:3)
1 creature vanquished.

Grand Total: 95 creatures vanquished

Notes
Turn   | Place    | Note
-------+----------+-------------------------------------------
     0 | D:1      | qw the Minotaur Hexslinger began the quest for the Orb.
     0 | D:1      | Reached XP level 1. HP: 16/16 MP: 1/1
     0 | D:1      | 0 ||| qw: Version: 0.3-a-46-gb1f654a
     0 | D:1      | 0 ||| qw: Game counter: 3387
     0 | D:1      | 0 ||| qw: Melee chars always use a shield: true
     0 | D:1      | 0 ||| qw: God list: Okawaru
     0 | D:1      | 0 ||| qw: Allow faded altars: false
     0 | D:1      | 0 ||| qw: Do Orc after clearing Dungeon:15 true
     0 | D:1      | 0 ||| qw: Do second Lair branch before Depths: true
     0 | D:1      | 0 ||| qw: Lair rune preference: random
     0 | D:1      | 0 ||| qw: Goals: Normal
     0 | D:1      | 0 ||| PLANNING D:1-11
    61 | D:1      | Reached skill level 3 in Ranged Weapons
    61 | D:1      | Reached XP level 2. HP: 23/23 MP: 2/2
   382 | D:1      | Reached XP level 3. HP: 29/29 MP: 3/3
   593 | D:1      | 593 ||| UPGRADING to +1 cloak.
   598 | D:1      | 598 ||| READING scroll labelled KOOMNE YM AFE VUL.
   599 | D:1      | 599 ||| READING scroll labelled VEMATR YSUETZI.
   600 | D:1      | 600 ||| DROPPING scroll of poison.
   709 | D:2      | Reached skill level 4 in Ranged Weapons
  1166 | D:2      | Noticed Terence
  1181 | D:2      | Killed Terence
  1182 | D:2      | Reached XP level 4. HP: 14/36 MP: 4/4
  1188 | D:2      | Reached skill level 5 in Ranged Weapons
  1425 | D:2      | Noticed Robin
  1427 | D:2      | 1427 ||| Stepping ~*~*~tactically~*~*~ (outnumbered).
  1430 | D:2      | 1430 ||| Stepping ~*~*~tactically~*~*~ (outnumbered).
  1451 | D:2      | Killed Robin
  1452 | D:2      | 1452 ||| FLEEEEING.
  1475 | D:2      | 1475 ||| FLEEEEING.
  1476 | D:2      | 1476 ||| FLEEEEING.
  1477 | D:2      | 1477 ||| FLEEEEING.
  1478 | D:2      | 1478 ||| FLEEEEING.
  1479 | D:2      | 1479 ||| FLEEEEING.
  1480 | D:2      | 1480 ||| FLEEEEING.
  1481 | D:2      | 1481 ||| FLEEEEING.
  1482 | D:2      | 1482 ||| FLEEEEING.
  1483 | D:2      | 1483 ||| FLEEEEING.
  1484 | D:2      | 1484 ||| FLEEEEING.
  1485 | D:2      | 1485 ||| STAIRDANCE
  1530 | D:1      | 1530 ||| DROPPING scarf of invisibility.
  1531 | D:1      | 1531 ||| READING scroll labelled CEGERU CIYDU.
  1532 | D:1      | 1532 ||| READING scroll labelled YLOIMPU JEUNU.
  1532 | D:1      | Identified a scroll of acquirement
  1532 | D:1      | 1532 ||| ACQUIRING 422 gold pieces
  1532 | D:1      | Acquired 422 gold pieces
  1534 | D:1      | 1534 ||| DRINKING 2 fizzy inky potions.
  1693 | D:2      | Reached skill level 3 in Fighting
  1777 | D:3      | Reached XP level 5. HP: 45/45 MP: 5/5
  1781 | D:3      | 1781 ||| Stepping ~*~*~tactically~*~*~ (outnumbered).
  2277 | D:3      | 2277 ||| FLEEEEING.
  2279 | D:3      | 2279 ||| FLEEEEING.
  2280 | D:3      | 2280 ||| FLEEEEING.
  2281 | D:3      | 2281 ||| FLEEEEING.
  2282 | D:3      | 2282 ||| FLEEEEING.
  2283 | D:3      | 2283 ||| FLEEEEING.
  2284 | D:3      | 2284 ||| FLEEEEING.
  2286 | D:3      | 2286 ||| FLEEEEING.
  2287 | D:3      | 2287 ||| FLEEEEING.
  2288 | D:3      | 2288 ||| FLEEEEING.
  2289 | D:3      | 2289 ||| FLEEEEING.
  2290 | D:3      | 2290 ||| FLEEEEING.
  2291 | D:3      | 2291 ||| FLEEEEING.
  2292 | D:3      | 2292 ||| FLEEEEING.
  2293 | D:3      | 2293 ||| FLEEEEING.
  2294 | D:3      | 2294 ||| FLEEEEING.
  2295 | D:3      | 2295 ||| FLEEEEING.
  2296 | D:3      | 2296 ||| FLEEEEING.
  2297 | D:3      | 2297 ||| FLEEEEING.
  2298 | D:3      | 2298 ||| FLEEEEING.
  2299 | D:3      | 2299 ||| FLEEEEING.
  2300 | D:3      | 2300 ||| FLEEEEING.
  2301 | D:3      | 2301 ||| FLEEEEING.
  2302 | D:3      | 2302 ||| FLEEEEING.
  2303 | D:3      | 2303 ||| STAIRDANCE
  2326 | D:2      | 2326 ||| UPGRADING to +0 leather armour.
  2336 | D:2      | 2336 ||| DROPPING +0 robe.
  2337 | D:2      | 2337 ||| READING scroll labelled KIONUXT SIYLAI.
  2338 | D:2      | 2338 ||| READING 3 scrolls of identify.
  2338 | D:2      | 2338 ||| IDENTIFYING emerald potion
  2353 | D:3      | Reached skill level 6 in Ranged Weapons
  2654 | D:3      | 2654 ||| READING scroll labelled EPSETSAJYO.
  2681 | D:4      | Found Kiahaotsetu's Jewellery Emporium.
  2711 | D:4      | 2711 ||| BUYING +6 ring of strength (432 gold).
  2711 | D:4      | Bought a +6 ring of strength for 432 gold pieces
  2711 | D:4      | 2711 ||| SHOPLISTING amulet "Micle" {Faith *Slow rElec rF+
                  | rC++} (874 gold, have 161).
  2711 | D:4      | 2711 ||| SHOPLISTING amulet of reflection (360 gold, have
                  | 161).
  2711 | D:4      | 2711 ||| SHOPLISTING amulet of regeneration (360 gold, have
                  | 161).
  2711 | D:4      | 2711 ||| SHOPLISTING ring "Lorepn" {Str+6 Int+2 Dex+3} (642
                  | gold, have 161).
  2711 | D:4      | 2711 ||| SHOPLISTING ring of fire (300 gold, have 161).
  2711 | D:4      | 2711 ||| SHOPLISTING ring of positive energy (240 gold,
                  | have 161).
  2840 | D:4      | 2840 ||| Stepping ~*~*~tactically~*~*~ (outnumbered).
  2842 | D:4      | 2842 ||| Stepping ~*~*~tactically~*~*~ (outnumbered).
  2850 | D:4      | Reached skill level 1 in Armour
  2850 | D:4      | Reached XP level 6. HP: 21/51 MP: 6/6
  2855 | D:4      | HP: 10/51 [orc/+0 flail (3)]
  2859 | D:4      | HP: 3/51 [orc/+0 trident (7)]
  2860 | D:4      | Slain by an orc

Levels and vault maps discovered:
D:1:      saegor_arrival_simple_c, layout_basic
D:2:      layout_basic, minmay_door_square, uniq_robin, uniq_terence
D:3:      layout_loops_ring, lemuel_flame_loot_1
D:4:      layout_cave_pools, minmay_temple_entry_glass, serial_shops,
          nicolae_inconvenience_store, shop, shop

Skill      XL: |  1  2  3  4  5 |
---------------+----------------+-----
Ranged Weapons | 3 4 5 6 |  6.1
Fighting       | 2 3 |  3.1
Armour         | 1 |  1.5
Dodging        | |  2.1
Spellcasting   | |  1.0
Hexes          | |  2.0

Action                     |  1- 3 |  4- 6 || total
---------------------------+-------+-------++-------
   Fire: Sling             |   147 |   186 ||   333
    Use: Scroll            |     2 |     5 ||     7
         Potion            |       |     1 ||     1
 Armour: Robe              |    10 |    22 ||    32
         Leather armour    |       |     9 ||     9
  Dodge: Dodged            |    44 |    66 ||   110

Table legend:
 A = Non-vault XP
 B = Vault XP
 C = Vault XP percentage of total XP
 D = Non-vault monster count
 E = Vault monster count
 F = Vault count percentage of total count
                 A         B        C        D         E       F
            +---------+---------+-------+---------+---------+-------
      Total |     319 |      70 |  18.0 |      82 |      12 |  12.8
            +---------+---------+-------+---------+---------+-------
        D:1 |      55 |       0 |   0.0 |      26 |       0 |   0.0
        D:2 |      66 |      70 |  51.5 |      22 |      12 |  35.3
        D:3 |     150 |       0 |   0.0 |      27 |       0 |   0.0
        D:4 |      48 |       0 |   0.0 |       7 |       0 |   0.0
            +---------+---------+-------+---------+---------+-------
